 Dungeon Crawl Stone Soup version 0.20.1-1-g8b1a95d (webtiles) character file.

5538 Mitsuki the Fighter (level 10, -6/91 HPs)
             Began as a Hill Orc Fighter on Oct 7, 2017.
             Was an Elder of Okawaru.
             Mangled by an earth elemental (9 damage)
             ... summoned by a deep elf mage
             ... on level 8 of the Dungeon.
             The game lasted 00:23:43 (10317 turns).

Mitsuki the Fighter (Hill Orc Fighter)             Turns: 10317, Time: 00:23:44

Health: -6/91      AC: 25    Str: 22 (25) XL:     10   Next: 71%
Magic:  11/13      EV:  8    Int:  6 (8)  God:    Okawaru [****..]
Gold:   228        SH: 13    Dex:  8 (10) Spells: 9/9 levels left

rFire    . . .     SeeInvis .   a - +1 trident
rCold    . . .     Gourm    .   c - +0 shield
rNeg     . . .     Faith    .   N - +0 plate armour
rPois    .         Spirit   .   p - +2 helmet
rElec    .         Reflect  .   (no cloak)
rCorr    .         Harm     .   t - +1 pair of gloves
MR       .....                  C - +2 pair of boots {run}
Stlth    ..........             (no amulet)
Regen    0.3/turn               e - +4 ring of slaying
MPRegen  0.2/turn               O - ring of loudness (curse)

@: heroism, quick
A: low mp 1, strong 1
a: Heroism, Renounce Religion


You were on level 8 of the Dungeon.
You worshipped Okawaru.
Okawaru was greatly pleased with you.
You were hungry.

You visited 2 branches of the dungeon, and saw 10 of its levels.
You also visited: Ossuary.

You collected 438 gold pieces.
You spent 210 gold pieces at shops.

Inventory:

Hand Weapons
 a - a +1 trident (weapon)
Armour
 c - a +0 shield (worn)
 p - a +2 helmet (worn)
 t - a +1 pair of gloves (worn)
 C - a +2 pair of boots of running (worn)
 N - a +0 plate armour (worn)
Jewellery
 b - an uncursed ring of protection from cold
 e - a +4 ring of slaying (left hand)
 m - an uncursed amulet of faith
 O - a cursed ring of loudness (right hand)
 Q - an uncursed ring of flight
Wands
 j - a wand of iceblast (6/15)
 A - a wand of flame (20/48)
 R - a wand of lightning (6/15)
Scrolls
 d - 7 scrolls of random uselessness {unknown}
 h - a scroll of remove curse
 i - 5 scrolls of enchant armour
 k - 12 scrolls of identify
 x - 4 scrolls of teleportation
 y - 2 scrolls of recharging {unknown}
 F - a scroll of magic mapping {unknown}
 G - 2 scrolls of blinking {unknown}
 H - a scroll of brand weapon {unknown}
 J - 2 scrolls of immolation {unknown}
 L - 2 scrolls of amnesia
Potions
 g - a potion of magic {unknown}
 q - 5 potions of curing
 r - 2 potions of flight {unknown}
 s - 2 potions of brilliance
 u - 3 potions of lignification {unknown}
 v - 3 potions of mutation
 z - a potion of berserk rage {unknown}
 B - 8 potions of degeneration
 D - a potion of agility {unknown}
 E - 3 potions of heal wounds {unknown}
 I - a potion of resistance {unknown}
 K - a potion of invisibility
 P - 3 potions of cancellation {unknown}
Books
 M - a book of Changes

   Spells                             Type                      Level
   a - Beastly Appendage              Transmutation                1
   b - Sticks to Snakes               Transmutation                2
   c - Spider Form                    Transmutation/Poison         3
   d - Ice Form                       Ice/Transmutation            4
   e - Blade Hands                    Transmutation                5
Comestibles
 f - 10 bread rations
 l - 4 meat rations
 n - 2 fruits
 o - 3 royal jellies


   Skills:
 + Level 9.5(14.5) Fighting
 + Level 8.0(13.0) Polearms
 + Level 8.4(13.4) Armour
 + Level 8.2(13.2) Shields
 - Level 2.3 Invocations
 + Level 6.2 Evocations


You had 9 spell levels left.
You didn't know any spells.

Dungeon Overview and Level Annotations

Branches:
Dungeon (9/15)             Temple (1/1) D:5
   Lair: D:8-11         Orc: D:9-12

Altars:
Ashenzari
Cheibriados
Dithmenos
Elyvilon
Fedhas
Gozag
Hepliaklqana
Kikubaaqudgha
Makhleb
Nemelex Xobeh
Okawaru
Qazlal
Ru
Sif Muna
Trog
Uskayaw
Vehumet
Xom
Yredelemnul
Zin
The Shining One

Shops:
D:5 }(:[   D:6 (   D:7 *


Innate Abilities, Weirdness & Mutations

Your magical capacity is low. (-10% MP)
Your muscles are strong. (Str +2)


Message History

You are too injured to fight recklessly!
You are too injured to fight recklessly!
You are too injured to fight recklessly!
You are too injured to fight recklessly!
It was a potion of degeneration.
There was something very wrong with that liquid.
You feel weakened.
You feel dopey.
You feel clumsy.
The deep elf mage hits you with a long sword.
* * * LOW HITPOINT WARNING * * *
It was a potion of mutation.
You feel extremely strange.
You feel clever.
You feel more energetic.
Your large bone plates disappear.
Your magical essence is no longer linked to your wands.
Your fingernails shrink to normal size.
You feel less energetic.
You feel stronger. You block the deep elf mage's attack.
You block the earth elemental's attack. The earth elemental hits you.
* * * LOW HITPOINT WARNING * * *
You gain the combat prowess of a mighty hero.
You block the deep elf mage's attack. The earth elemental hits you!
You die...

##...##..............#...........
...####.#######..###.............
####.............# #..#..........
#.##.########.###..#..........
#.##.#.........##..#..........
#.##.#.##......##..#..........
#.##.#.##......##..#..........
####.##.#.###....E.#..#..........
.....##.#.# #..E@#.#..#..........
.######.#.# #...e#.#..###########
.# #.#.###....#[#..# .#
#.#<#........>[.# .#
#.###.#....##...# .#
#..[..#......#.## .#
#######....#.#.# .# #.####.#.# .#
#.##...#.#


You could see 2 earth elementals and a deep elf mage.

Vanquished Creatures
  2 two-headed ogres
  The ghost of Phantomfrettchen the Insei, a novice OpTm (Ossuary)
  A hippogriff (D:8)
  A hungry ghost (D:8)
  Menkaure (D:7)
  2 steam dragons (D:8)
  An orc warrior (D:8)
  2 sky beasts (D:5)
  4 ogres
  The ghost of Inkary the Cudgeler, an amateur MiFi (D:3)
  2 ice beasts
  2 phantoms
  A necrophage (D:8)
  3 centaurs
  A crocodile (D:8)
  2 big kobolds
  3 bullfrogs (D:8)
  A wyvern skeleton (D:7)
  A killer bee (D:8)
  5 wights (D:7)
  5 crimson imps
  A bullfrog zombie (D:7)
  A jelly (D:5)
  A bullfrog skeleton (D:4)
  4 hounds
  2 orc priests
  6 orc wizards
  An iguana (D:7)
  Natasha (thrice) (D:3)
  3 worker ants (D:4)
  A big kobold zombie (Ossuary)
  A hound zombie (D:6)
  5 mummies (Ossuary)
  A howler monkey zombie (D:9)
  A worker ant zombie (D:6)
  Robin (D:3)
  4 gnolls
  4 adders
  A howler monkey skeleton (D:4)
  2 shadow imps
  2 oozes
  3 adder zombies
  3 worms
  5 dart slugs
  7 leopard geckos
  34 orcs
  3 ball pythons
  3 giant cockroaches
  2 gnoll zombies (Ossuary)
  16 goblins
  17 hobgoblins
  14 jackals
  5 quokkas
  11 bats
  7 frilled lizards
  A goblin zombie (Ossuary)
  12 kobolds
  2 kobold zombies (Ossuary)
  2 leopard gecko skeletons (D:4)
  A leopard gecko zombie (D:7)
  2 orc zombies (Ossuary)
  2 quokka skeletons
  5 rats
244 creatures vanquished.

Vanquished Creatures (others)
  A human (D:5)
1 creature vanquished.

Grand Total: 245 creatures vanquished

Notes
Turn   | Place    | Note
-------+----------+-------------------------------------------
     0 | D:1      | Mitsuki the Hill Orc Fighter began the quest for the Orb.
     0 | D:1      | Reached XP level 1. HP: 19/19 MP: 1/1
    80 | D:1      | Reached skill level 4 in Fighting
    80 | D:1      | Reached XP level 2. HP: 25/27 MP: 2/2
   494 | D:1      | Reached XP level 3. HP: 33/33 MP: 3/3
  1410 | D:2      | Reached XP level 4. HP: 41/41 MP: 4/4
  2013 | D:3      | Noticed Natasha
  2015 | D:3      | Killed Natasha
  2106 | D:3      | Noticed Natasha
  2113 | D:3      | Killed Natasha
  2113 | D:3      | Reached XP level 5. HP: 43/47 MP: 5/5
  2122 | D:3      | Noticed Natasha
  2127 | D:3      | Killed Natasha
  2178 | D:3      | Noticed Inkary's ghost (amateur MiFi)
  2195 | D:3      | Killed Inkary's ghost
  2195 | D:3      | Reached skill level 5 in Fighting
  2195 | D:3      | Reached XP level 6. HP: 7/56 MP: 6/6
  2560 | D:3      | Found a sacrificial altar of Ru.
  3262 | D:4      | Found a stormy altar of Qazlal.
  3333 | D:4      | Reached skill level 1 in Evocations
  3438 | D:4      | Noticed a phantom
  3455 | D:4      | Killed a phantom
  3455 | D:4      | Reached skill level 5 in Armour
  3455 | D:4      | Reached XP level 7. HP: 61/61 MP: 7/7
  3686 | D:4      | Reached skill level 5 in Shields
  4221 | D:4      | Noticed Robin
  4270 | D:3      | Killed Robin
  4304 | D:4      | Reached skill level 6 in Fighting
  4811 | D:5      | Entered Level 5 of the Dungeon
  4811 | D:5      | Found Wousub's Book Shop.
  5096 | D:5      | Reached skill level 5 in Polearms
  5096 | D:5      | Reached XP level 8. HP: 60/71 MP: 9/9
  5284 | D:5      | Found Xiclexka's Gadget Boutique.
  5318 | D:5      | Found an ancient bone altar of Kikubaaqudgha.
  5393 | D:5      | Found Mutae's Weapon Boutique.
  5541 | D:5      | Found Zujynol's Antique Armour Shop.
  5544 | D:5      | Bought a pair of runed boots for 210 gold pieces
  5549 | D:5      | Identified a +0 pair of boots of running (You bought it in a shop on level 5 of the Dungeon)
  5597 | D:5      | Found a staircase to the Ecumenical Temple.
  5752 | Temple   | Entered the Ecumenical Temple
  6068 | D:5      | Gained mutation: You are dopey. (Int -2) [mutagenic meat]
  6069 | D:5      | Gained mutation: You are partially covered in large bone plates. (SH +4) [mutagenic meat]
  6070 | D:5      | Gained mutation: You have sharp fingernails. [mutagenic meat]
  6071 | D:5      | Gained mutation: You expend magic power (3 MP) to strengthen your wands. [mutagenic meat]
  6072 | D:5      | Gained mutation: Your magical capacity is low. (-10% MP) [mutagenic meat]
  6527 | D:6      | Found Topraemo's Antique Weapon Boutique.
  6628 | D:6      | Found an iron altar of Okawaru.
  6656 | D:6      | Became a worshipper of Warmaster Okawaru
  6791 | D:6      | Found a sand-covered staircase.
  6796 | Ossuary  | Entered an ossuary
  6808 | Ossuary  | Noticed Phantomfrettchen's ghost (novice OpTm)
  6819 | Ossuary  | Killed Phantomfrettchen's ghost
  6819 | Ossuary  | Reached skill level 7 in Fighting
  6856 | Ossuary  | Reached * piety under Okawaru
  6894 | Ossuary  | Reached XP level 9. HP: 79/79 MP: 10/10
  7070 | D:6      | Reached skill level 1 in Invocations
  8323 | D:7      | Reached ** piety under Okawaru
  8502 | D:7      | Noticed Menkaure
  8523 | D:7      | Killed Menkaure
  8523 | D:7      | Reached skill level 8 in Fighting
  8722 | D:7      | Found Epiunob's Assorted Antiques.
  8850 | D:7      | Reached skill level 5 in Evocations
  9072 | D:8      | Found an iron altar of Okawaru.
  9073 | D:8      | Found a deep blue altar of Sif Muna.
  9076 | D:8      | Found a basalt altar of Yredelemnul.
  9076 | D:8      | Found an opulent altar of Gozag.
  9166 | D:8      | Reached *** piety under Okawaru
  9238 | D:8      | Reached XP level 10. HP: 75/90 MP: 12/12
  9780 | D:9      | Noticed a deep elf mage
  9854 | D:9      | Noticed a two-headed ogre
  9856 | D:9      | Noticed a two-headed ogre
  9864 | D:8      | Reached skill level 9 in Fighting
  9895 | D:8      | Killed a two-headed ogre
  9895 | D:8      | Reached **** piety under Okawaru
 10088 | D:7      | Killed a two-headed ogre
 10316 | D:8      | Lost mutation: You are dopey. (Int -2) [potion of mutation]
 10316 | D:8      | Lost mutation: Your magical capacity is low. (-10% MP) [potion of mutation]
 10316 | D:8      | Lost mutation: You are partially covered in large bone plates. (SH +4) [potion of mutation]
 10316 | D:8      | Lost mutation: You expend magic power (3 MP) to strengthen your wands. [potion of mutation]
 10316 | D:8      | Lost mutation: You have sharp fingernails. [potion of mutation]
 10316 | D:8      | Gained mutation: Your magical capacity is low. (-10% MP) [potion of mutation]
 10316 | D:8      | Gained mutation: Your muscles are strong. (Str +2) [potion of mutation]
 10316 | D:8      | HP: 3/91 [earth elemental[a deep elf mage] (5)]
 10317 | D:8      | Mangled by an earth elemental

Skill      XL: |  1  2  3  4  5  6  7  8  9 10 |
---------------+-------------------------------+-----
Fighting       | 4 5 6 7 8 9 |  9.5
Armour         | 4 5 6 7 8 |  8.4
Polearms       | 3 4 5 7 8 |  8.0
Shields        | 4 5 6 7 8 |  8.2
Evocations     | 1 2 3 5 6 |  6.2
Invocations    | 2 |  2.3

Action                   |  1- 3 |  4- 6 |  7- 9 | 10-12 || total
-------------------------+-------+-------+-------+-------++-------
Melee: Trident           |   105 |   176 |   494 |   119 ||   894
Invok: Heroism           |       |       |       |     2 ||     2
  Use: Potion            |       |     1 |     2 |     2 ||     5
       Scroll            |       |       |     9 |       ||     9
  Eat: Chunk             |     2 |     7 |    21 |     1 ||    31
       Royal jelly       |       |       |     1 |     1 ||     2
       Fruit             |       |       |       |     1 ||     1
Armor: Scale mail        |    21 |    50 |    48 |       ||   119
       Chain mail        |       |       |    54 |       ||    54
       Plate armour      |       |       |    95 |    54 ||   149
Dodge: Dodged            |    24 |    35 |    91 |    18 ||   168
Block: Shield            |    45 |    70 |   286 |    89 ||   490
